 Dungeon Sprint DCSS version 0.26-a0-1101-g8f9f7f7418 (webtiles) character file.

Game seed: 15356178836042965519

21800000 Adamkad1 the Axe Maniac (level 27, -68/249 HPs)
             Began as a Formicid Fighter on Dec 15, 2020.
             Was the Champion of Makhleb.
             Annihilated by a fleshlord
             ... wielding a +9 great mace
              (317 damage)
             ... in the Dungeon (Sprint VIII: "Arena of Blood").
             The game lasted 00:04:51 (218 turns).

Adamkad1 the Axe Maniac (Formicid Fighter)           Turns: 218, Time: 00:04:52

Health: -68/249    AC: 13    Str: 21    XL:     27
Magic:  54/54      EV: 31    Int: 12    God:    Makhleb [******]
Gold:   0          SH: 19    Dex: 19    Spells: 80/80 levels left

rFire    . . .     SeeInvis +   h - +∞ Axe of Woe
rCold    . . .     Faith    .   c - +0 kite shield
rNeg     . . .     Spirit   .   b - +0 scale mail
rPois    .         Reflect  .   (helmet unavailable)
rElec    .         Harm     .   (no cloak)
rCorr    .         Rampage  .   (no gloves)
Will     ++...                  (no boots)
Stlth    ++++++++..             (no amulet)
HPRegen  0.51/turn              (no ring)
MPRegen  0.34/turn              (no ring)

@: no status effects
A: permanent stasis, dig shafts and tunnels, four strong arms, antennae 3
a: Dig, Minor Destruction, Lesser Servant of Makhleb, Major Destruction, Greater
Servant of Makhleb, Renounce Religion


You were in the Dungeon.
You worshipped Makhleb.
Makhleb was exalted by your worship.
You visited 1 branch

Inventory:

Hand Weapons
 a - a +0 war axe
 h - the +∞ Axe of Woe (weapon)
   (You found it in the Dungeon)
Armour
 b - a +0 scale mail (worn)
 c - a +0 kite shield (worn)
Jewellery
 i - a +30 ring of slaying
 j - a +250 ring of slaying
 k - a +30 ring of slaying
 l - a +30 ring of slaying
 m - a +250 ring of slaying
 n - a +250 ring of slaying
 o - a +30 ring of slaying
 p - a +130 ring of slaying
 q - a +30 ring of slaying
 r - a +30 ring of slaying
Potions
 d - a potion of might
 e - a potion of curing
 f - a potion of heal wounds
 g - 2 potions of magic


   Skills:
 O Level 27 Fighting
 O Level 27 Short Blades
 O Level 27 Long Blades
 O Level 27 Axes
 O Level 27 Maces & Flails
 O Level 27 Polearms
 O Level 27 Staves
 O Level 27 Slings
 O Level 27 Bows
 O Level 27 Crossbows
 O Level 27 Throwing
 O Level 27 Armour
 O Level 27 Dodging
 O Level 27 Stealth
 O Level 27 Shields
 O Level 27 Unarmed Combat
 O Level 27 Spellcasting
 O Level 27 Conjurations
 O Level 27 Hexes
 O Level 27 Summonings
 O Level 27 Necromancy
 O Level 27 Translocations
 O Level 27 Transmutations
 O Level 27 Fire Magic
 O Level 27 Ice Magic
 O Level 27 Air Magic
 O Level 27 Earth Magic
 O Level 27 Poison Magic
 O Level 27 Invocations
 O Level 27 Evocations


You had 80 spell levels left.
You didn't know any spells.
Your spell library was empty.

Dungeon Overview and Level Annotations

Branches:
Dungeon (1/1)

Altars:
Makhleb


Innate Abilities, Weirdness & Mutations

You cannot be hasted, slowed, berserked, paralysed or teleported.
You can dig through walls and to a lower floor.
Your four strong arms can wield two-handed weapons with a shield.
You have a pair of large antennae on your head. (SInv)


Message History

You dig through the rock wall.
You hear a shout! x17
Unknown command.
You hear a shout!
Some rock shatters into small pieces.
You hear a shout! x12
The wretched soul breathes negative energy at you.
The bolt of negative energy misses the vile.
The bolt of negative energy misses you.
You hear a grinding noise.
You retract your mandibles.
You hit the vile.
You slaughter the vile joyfully.
You destroy the vile!
Makhleb accepts your kill.
You feel better.
You hear a shout! x8
Unknown command.
You hear a roar!
You hear an angry hiss.
You hear a shout! x10
The fleshlord hits you with a +9 great mace!!!!!!
Ouch! That really hurt!
You die...

.{......))#D..{..
{........{{pW....
{####.{.))....###
.{.#..)))..####
...{.{.{#..#
...{.###)#.#
#######.#.. #W#p#
#.#@)# #.#.#.#
#.#.##.# ##.# #.#
#.# ..# ## #.#
#.# ###


You could see a fleshlord and a wretched soul (invisible).

Vanquished Creatures
  A molten gargoyle (D)
  3 hell beasts (D)
  2 great orbs of eyes (D)
  A wraith (D)
  Harold (D)
  5 vampire knights (D)
  21 ogres (D)
  4 two-headed ogres (D)
  A lich (D)
  2 hydras (D)
  37 orcs (D)
  2 phantoms (D)
  5 skeletal warriors (D)
  A sea snake (D)
  3 small abominations (D)
  2 crawling corpses (D)
91 creatures vanquished.

Vanquished Creatures (others)
  4 crawling corpses (D)
4 creatures vanquished.

Grand Total: 95 creatures vanquished

Notes
Turn   | Place    | Note
-------+----------+-------------------------------------------
     0 | D        | Found the +∞ Axe of Woe
     0 | D        | Adamkad1 the Formicid Fighter began the quest for the Orb.
     0 | D        | Reached XP level 1. HP: 18/18 MP: 1/1
     2 | D        | Noticed a bag of meat
     3 | D        | Became a worshipper of Makhleb the Destroyer
     3 | D        | Noticed a bag of meat
     5 | D        | Noticed a bag of meat
     5 | D        | Noticed a bag of meat
     7 | D        | Noticed a bag of meat
     7 | D        | Noticed a bag of meat
     7 | D        | Noticed a meat berserker
     9 | D        | Noticed a meat berserker
    10 | D        | Killed a bag of meat
    10 | D        | Noticed a bag of meat
    10 | D        | Noticed a bag of meat
    10 | D        | Noticed a bag of meat
    10 | D        | Noticed a bag of meat
    11 | D        | Reached skill level 15 in Shields
    11 | D        | Reached XP level 2. HP: 43/43 MP: 2/2
    11 | D        | Reached XP level 3. HP: 49/49 MP: 3/3
    11 | D        | Reached XP level 4. HP: 56/56 MP: 4/4
    11 | D        | Reached XP level 5. HP: 62/62 MP: 5/5
    11 | D        | Reached XP level 6. HP: 69/69 MP: 6/6
    11 | D        | Reached XP level 7. HP: 75/75 MP: 7/7
    11 | D        | Reached XP level 8. HP: 82/82 MP: 8/8
    11 | D        | Reached XP level 9. HP: 88/88 MP: 9/9
    11 | D        | Reached XP level 10. HP: 95/95 MP: 10/10
    11 | D        | Reached XP level 11. HP: 101/101 MP: 11/11
    11 | D        | Reached XP level 12. HP: 108/108 MP: 12/12
    11 | D        | Noticed a meat berserker
    11 | D        | Killed a meat berserker
    11 | D        | Reached * piety under Makhleb
    11 | D        | Killed a bag of meat
    11 | D        | Noticed a bag of meat
    12 | D        | Reached XP level 13. HP: 125/125 MP: 13/13
    12 | D        | Reached XP level 14. HP: 133/133 MP: 14/14
    12 | D        | Reached XP level 15. HP: 139/139 MP: 15/15
    12 | D        | Killed a meat berserker
    12 | D        | Reached ** piety under Makhleb
    12 | D        | Noticed a meat berserker
    13 | D        | Reached skill level 27 in Axes
    13 | D        | Reached XP level 16. HP: 155/155 MP: 16/16
    14 | D        | Reached *** piety under Makhleb
    14 | D        | Noticed a meat berserker
    15 | D        | Reached XP level 17. HP: 168/168 MP: 17/17
    15 | D        | Killed a meat berserker
    16 | D        | Reached skill level 27 in Fighting
    16 | D        | Reached skill level 27 in Armour
    16 | D        | Reached skill level 27 in Shields
    16 | D        | Reached XP level 18. HP: 182/182 MP: 17/23
    16 | D        | Reached **** piety under Makhleb
    17 | D        | Reached skill level 5 in Long Blades
    17 | D        | Reached skill level 5 in Maces & Flails
    17 | D        | Reached skill level 5 in Polearms
    17 | D        | Reached skill level 5 in Staves
    17 | D        | Reached skill level 5 in Bows
    17 | D        | Reached skill level 5 in Dodging
    17 | D        | Reached skill level 5 in Conjurations
    17 | D        | Reached skill level 5 in Translocations
    17 | D        | Reached skill level 5 in Air Magic
    17 | D        | Reached XP level 19. HP: 189/189 MP: 17/28
    17 | D        | Noticed a meat berserker
    17 | D        | Noticed a large bag of meat
    19 | D        | Noticed a meat berserker
    20 | D        | Noticed a large bag of meat
    20 | D        | Noticed a meat berserker
    20 | D        | Noticed a meat berserker
    21 | D        | Noticed a destroyer
    21 | D        | Killed a meat berserker
    21 | D        | Reached ***** piety under Makhleb
    21 | D        | Killed a meat berserker
    21 | D        | Noticed a destroyer
    22 | D        | Reached skill level 10 in Slings
    22 | D        | Reached skill level 10 in Hexes
    22 | D        | Reached skill level 10 in Transmutations
    22 | D        | Reached skill level 10 in Earth Magic
    22 | D        | Reached skill level 10 in Evocations
    22 | D        | Reached XP level 20. HP: 197/197 MP: 18/33
    22 | D        | Noticed a meat berserker
    23 | D        | Killed a meat berserker
    24 | D        | Reached skill level 10 in Dodging
    24 | D        | Reached skill level 10 in Conjurations
    24 | D        | Reached skill level 10 in Translocations
    24 | D        | Reached XP level 21. HP: 204/204 MP: 18/36
    24 | D        | Noticed a meat berserker
    24 | D        | Noticed a meat berserker
    24 | D        | Noticed a meat berserker
    25 | D        | Noticed a destroyer
    25 | D        | Killed a meat berserker
    25 | D        | Killed a meat berserker
    25 | D        | Reached ****** piety under Makhleb
    25 | D        | Killed a destroyer
    26 | D        | Reached skill level 15 in Hexes
    26 | D        | Reached skill level 15 in Earth Magic
    26 | D        | Reached skill level 15 in Invocations
    26 | D        | Reached XP level 22. HP: 212/212 MP: 18/39
    26 | D        | Reached XP level 23. HP: 219/219 MP: 18/40
    27 | D        | Reached XP level 24. HP: 227/227 MP: 19/41
    28 | D        | Reached skill level 15 in Short Blades
    28 | D        | Reached skill level 15 in Crossbows
    28 | D        | Reached skill level 15 in Throwing
    28 | D        | Reached skill level 15 in Unarmed Combat
    28 | D        | Reached skill level 15 in Spellcasting
    28 | D        | Reached skill level 15 in Summonings
    28 | D        | Reached skill level 15 in Necromancy
    28 | D        | Reached skill level 15 in Fire Magic
    28 | D        | Reached skill level 15 in Ice Magic
    28 | D        | Noticed a large bag of meat
    29 | D        | Noticed The Servant
    29 | D        | Killed a large bag of meat
    30 | D        | Reached skill level 15 in Dodging
    30 | D        | Reached skill level 15 in Conjurations
    30 | D        | Reached skill level 15 in Translocations
    30 | D        | Reached XP level 25. HP: 198/234 MP: 19/43
    31 | D        | Killed a large bag of meat
    32 | D        | Reached skill level 15 in Long Blades
    32 | D        | Reached skill level 15 in Maces & Flails
    32 | D        | Reached skill level 15 in Polearms
    32 | D        | Reached skill level 15 in Staves
    32 | D        | Noticed a destroyer
    33 | D        | Killed a large bag of meat
    33 | D        | Killed a destroyer
    34 | D        | Reached skill level 27 in Stealth
    34 | D        | Reached XP level 26. HP: 209/242 MP: 20/44
    36 | D        | Reached skill level 15 in Bows
    36 | D        | Reached skill level 15 in Air Magic
    36 | D        | Reached XP level 27. HP: 249/249 MP: 21/45
    39 | D        | Killed a destroyer
    39 | D        | Killed a destroyer
    42 | D        | Noticed a destroyer
    46 | D        | Killed a destroyer
    52 | D        | Killed The Servant
    53 | D        | Reached skill level 27 in Poison Magic
   122 | D        | Noticed a meat beast
   123 | D        | Killed a meat beast
   124 | D        | Reached skill level 27 in Hexes
   124 | D        | Reached skill level 27 in Earth Magic
   124 | D        | Reached skill level 27 in Invocations
   150 | D        | Reached skill level 27 in Evocations
   151 | D        | Reached skill level 27 in Slings
   151 | D        | Reached skill level 27 in Transmutations
   162 | D        | Noticed a meat beast
   163 | D        | Killed a meat beast
   166 | D        | Reached skill level 27 in Short Blades
   166 | D        | Reached skill level 27 in Crossbows
   166 | D        | Reached skill level 27 in Throwing
   166 | D        | Reached skill level 27 in Unarmed Combat
   166 | D        | Reached skill level 27 in Spellcasting
   166 | D        | Reached skill level 27 in Summonings
   166 | D        | Reached skill level 27 in Necromancy
   166 | D        | Reached skill level 27 in Fire Magic
   166 | D        | Reached skill level 27 in Ice Magic
   178 | D        | Reached skill level 27 in Long Blades
   178 | D        | Reached skill level 27 in Maces & Flails
   178 | D        | Noticed a dread
   179 | D        | Killed a dread
   180 | D        | Reached skill level 27 in Polearms
   180 | D        | Reached skill level 27 in Staves
   180 | D        | Reached skill level 27 in Bows
   180 | D        | Reached skill level 27 in Dodging
   180 | D        | Reached skill level 27 in Conjurations
   180 | D        | Reached skill level 27 in Translocations
   180 | D        | Reached skill level 27 in Air Magic
   188 | D        | Noticed a meat beast
   189 | D        | Killed a meat beast
   194 | D        | Noticed a tyrant
   195 | D        | Killed a tyrant
   198 | D        | Noticed a large bag of meat
   199 | D        | Killed a large bag of meat
   211 | D        | Noticed a fleshlord
   212 | D        | Noticed a vile
   217 | D        | Killed a vile
   218 | D        | Annihilated by a fleshlord

Illustrated notes

Levels and vault maps discovered:
D:        meatsprint

Skill      XL: |  1  2  3  4  5  6  7  8  9 10 11 12 13 14 15 16 17 18 19 20 21 22 23 24 25 26 27 |
---------------+----------------------------------------------------------------------------------+-----
Fighting       | 14 19 22 24 27 | 27.0
Axes           | 17 23 27 | 27.0
Armour         | 14 19 22 24 27 | 27.0
Shields        | 15 20 24 26 27 | 27.0
Short Blades   | 3 6 9 11 13 14 16 18 27 | 27.0
Long Blades    | 2 5 8 9 12 13 14 15 16 27 | 27.0
Maces & Flails | 2 5 8 9 12 13 14 15 16 27 | 27.0
Polearms       | 2 5 8 9 12 13 14 15 16 27 | 27.0
Staves         | 2 5 8 9 12 13 14 15 16 27 | 27.0
Slings         | 3 6 10 12 14 16 17 18 19 27 | 27.0
Bows           | 2 5 7 9 11 12 14 15 27 | 27.0
Crossbows      | 3 6 9 11 13 14 16 18 27 | 27.0
Throwing       | 3 6 9 11 13 14 16 17 18 27 | 27.0
Dodging        | 3 5 8 10 12 13 15 17 27 | 27.0
Stealth        | 4 8 11 14 17 18 20 27 | 27.0
Unarmed Combat | 3 6 9 11 13 14 16 18 27 | 27.0
Spellcasting   | 3 6 9 11 13 14 16 17 18 27 | 27.0
Conjurations   | 3 5 8 10 12 13 15 17 27 | 27.0
Hexes          | 4 7 10 13 15 17 19 21 27 | 27.0
Summonings     | 3 6 9 11 13 14 16 18 27 | 27.0
Necromancy     | 3 6 9 11 13 14 16 18 27 | 27.0
Translocations | 3 5 8 10 12 13 15 17 27 | 27.0
Transmutations | 3 6 10 12 14 16 17 18 19 27 | 27.0
Fire Magic     | 3 6 9 11 13 14 16 17 18 27 | 27.0
Ice Magic      | 3 6 9 11 13 14 16 18 27 | 27.0
Air Magic      | 2 5 7 9 11 12 14 15 27 | 27.0
Earth Magic    | 4 7 10 13 15 17 19 21 27 | 27.0
Poison Magic   | 4 8 11 14 17 18 20 21 22 27 | 27.0
Invocations    | 4 7 11 13 15 17 19 21 27 | 27.0
Evocations     | 3 6 10 12 14 16 17 18 19 27 | 27.0

Action                   |  1- 3 |  4- 6 |  7- 9 | 10-12 | 13-15 | 16-18 | 19-21 | 22-24 | 25-27 || total
-------------------------+-------+-------+-------+-------+-------+-------+-------+-------+-------++-------
Melee: Executioner's axe |     1 |       |       |     1 |     1 |     3 |     4 |     3 |    44 ||    57
 Abil: Dig               |       |       |       |       |       |       |       |       |    20 ||    20
Armor: Scale mail        |       |       |       |       |       |       |       |       |     1 ||     1
Dodge: Dodged            |     1 |       |       |       |       |       |       |       |     2 ||     3
Block: Kite shield       |       |       |       |       |       |     1 |     1 |     1 |     4 ||     7

Table legend: (Time is in decaauts)
 A = Elapsed time spent in this place.
 B = Non-inter-level travel time spent in this place.
 C = Inter-level travel time spent in this place.
 D = Time resting spent in this place.
 E = Time spent auto-exploring this place.
 F = Levels seen in this place.
 G = Mean time per level.
                   A        B        C        D        E       F      G
               +--------+--------+--------+--------+--------+-----+--------+
         Total |    203 |    203 |      0 |      0 |      0 |   1 |  203.0 |
       Dungeon |    203 |    203 |      0 |      0 |      0 |   1 |  203.0 |
               +--------+--------+--------+--------+--------+-----+--------+

Top non-repeatable levels by time:
       D: 203 daAuts
